 Dungeon Crawl Stone Soup version 0.29-a0-723-gce39da1c22 (webtiles) character file.

Game seed: 3629573142931598467

1099 buhh the Transmogrifier (level 8, 0/55 HPs)
             Began as an Octopode Transmuter on June 28, 2022.
             Slain by a shadow imp (5 damage)
             ... in a sewer.
             The game lasted 00:11:49 (6846 turns).

buhh the Transmogrifier (Octopode Transmuter)       Turns: 6846, Time: 00:11:50

Health: 0/55       AC:  1    Str:  8    XL:     8   Next: 32%
Magic:  11/11      EV: 13    Int: 22    God:
Gold:   304        SH:  0    Dex: 11    Spells: 5/11 levels left

rFire   + . .      SeeInvis .     - Unarmed
rCold   + . .      Faith    .   (no shield)
rNeg    . . .      Spirit   .   (helmet restricted)
rPois   +          Reflect  .   (no amulet)
rElec   +          Harm     .   (no ring)
rCorr   +          Rampage  .   (no ring)
Will    .....      Clarity  +   (no ring)
Stlth   +++.......              (no ring)
HPRegen 0.18/turn               (no ring)
MPRegen 0.12/turn               (no ring)
                                (no ring)
                                (no ring)

@: resistant, on berserk cooldown, attractive, flying, slowed, very slow
A: almost no armour, amphibious, 8 rings, camouflage 1, gelatinous body 1,
nimble swimmer 1, tentacles, tentacle spike 1, clarity, clever 1
a: no special abilities


You were in a sewer.
You visited 1 branch of the dungeon, and saw 6 of its levels.
You also visited: Sewer.

You collected 304 gold pieces.

Inventory:

Hand Weapons
 a - a +0 sling
Missiles
 e - 8 poisoned darts
Wands
 d - a wand of mindburst (13)
 o - a wand of polymorph (11)
Scrolls
 i - 2 scrolls of noise
 T - 3 scrolls of immolation {!d}
 Z - a scroll of enchant armour
Potions
 j - 2 potions of attraction
 k - a potion of flight
 n - 2 potions of heal wounds {unknown}
 K - 2 potions of brilliance {!q!d}


   Skills:
 - Level 5.0 Fighting
 - Level 2.0 Dodging
 - Level 1.0 Stealth
 * Level 3.8 Unarmed Combat
 - Level 2.0 Spellcasting
 - Level 8.0 Transmutations


You had 5 spell levels left.
You knew the following spells:

 Your Spells              Type           Power      Damage    Failure   Level
a - Beastly Appendage     Tmut           74%        N/A       1%          1
b - Wereblood             Tmut           37%        N/A       1%          2
c - Spider Form           Tmut/Pois      19%        N/A       8%          3

Your spell library contained the following spells:

 Spells                   Type           Power      Damage    Failure   Level
 Blade Hands              Tmut           18%        N/A       14%         5
 Ice Form                 Ice/Tmut       19%        N/A       26%         4
 Portal Projectile        Hex/Tloc       4%         N/A       38%         3
 Tukima's Dance           Hex            2%         N/A       38%         3
 Hailstorm                Conj/Ice       2%         3d3       80%         4
 Simulacrum               Ice/Necr       1%         N/A       100%        6


Dungeon Overview and Level Annotations

Branches:
Dungeon (6/15) Zot: 26754   Sewer (1/1) Zot: 5594
 Temple: D:4-7

Altars:
Dithmenos
Hepliaklqana
Qazlal
Sif Muna

Annotations:
D:3 Sigmund


Innate Abilities, Weirdness & Mutations

You cannot wear most types of armour.
You are amphibious.
You can wear up to eight rings at the same time.
Your skin changes colour to match your surroundings (Stealth+).
Your rubbery body absorbs attacks. (AC +1, EV +1)
You are camouflaged when in or above water. (Stealth+)
You have tentacles for arms and can constrict up to eight enemies at once.
One of your tentacles bears a spike.
You possess an exceptional clarity of mind.
Your mind is acute. (Int +4, Str/Dex -1)


Message History

You feel protected.
It was a potion of magic.
Magic courses through your body.
It was a potion of mutation.
You feel extremely strange.
Your thoughts seem clearer.
You feel clever.
One of your lower tentacles grows a sharp spike.
It was a potion of berserk rage.
A red film seems to cover your vision as you go berserk!
You feel yourself moving faster!
You feel mighty!
The shadow imp shouts!
You are too berserk!
A shadow imp is nearby!
You feel a strong urge to attack something.
The shadow imp gestures at you.
You struggle to resist.
You feel your anger nearly subside.
You are no longer berserk.
You are exhausted.
You feel yourself slow down. The shadow imp misses you.
You tentacle-slap the shadow imp but do no damage.
Your grab misses the shadow imp.
You squeeze the shadow imp, but do no damage.
The shadow imp hits you.
* * * LOW HITPOINT WARNING * * *
You tentacle-slap the shadow imp but do no damage.
Your grab misses the shadow imp. Your squeeze misses the shadow imp.
The shadow imp hits you.
* * * LOW HITPOINT WARNING * * *
The shadow imp splashes around in the water.
Your magical contamination has completely faded away.
You closely miss the shadow imp. Your grab misses the shadow imp.
You squeeze the shadow imp.
The shadow imp is moderately wounded.
The shadow imp splashes around in the water.
You closely miss the shadow imp. Your grab misses the shadow imp.
Your tentacle spike misses the shadow imp.
The shadow imp is moderately wounded.
The shadow imp hits you.
You die...

............#≈≈≈≈≈≈≈≈≈≈≈≈≈≈≈≈≈≈≈#
≈≈≈≈≈..≈)≈..≈≈≈≈≈≈≈≈≈≈≈≈≈≈..≈≈≈≈#
≈≈≈≈≈≈≈≈≈≈≈.#≈≈≈≈≈≈≈≈≈≈≈≈≈≈≈≈≈)≈#
#########≈..##################)##
#≈≈.#≈≈≈≈≈≈≈≈≈≈≈≈≈K.')≈≈#
#≈≈.#≈≈≈≈≈≈≈≈≈≈≈≈J≈.#§≈≈#
#≈≈.#≈≈≈≈≈≈≈≈≈≈≈≈≈≈.#K≈≈#
#≈≈.#≈≈≈≈≈≈≈≈≈≈≈≈≈..#K≈≈#
#≈≈.#≈≈≈@≈≈≈≈≈≈≈≈...#.≈≈#
#≈≈.#≈≈≈≈5≈≈≈≈≈≈≈...#..≈#
#≈≈.####≈#≈≈###≈#.####.## .Z.....
...≈ #..K# ..........≈≈≈≈...'
............≈≈#...#
#≈##≈##≈###.####.## ≈≈ ≈≈ ≈≈≈≈
.≈≈ ≈ .≈≈


You could see a shadow imp and a kobold zombie.

Vanquished Creatures
  An ogre (D:5)
  2 kobold brigands (Sewer)
  4 scorpions
  3 necrophages
  2 orc priests (D:4)
  A hound (D:4)
  5 iguanas
  An orc wizard (D:3)
  6 adders
  4 shadow imps
  3 ufetubi (Sewer)
  A worm (D:3)
  13 orcs
  17 ball pythons
  2 bats
  4 endoplasms
  5 giant cockroaches
  3 goblins
  8 hobgoblins
  2 jackals (D:3)
  3 quokkas
  2 frilled lizards
  12 kobolds
  A kobold zombie (Sewer)
  7 rats
112 creatures vanquished.

Vanquished Creatures (others)
  3 kobold zombies (Sewer)
  3 plants (D:1)
  3 withered plants (D:1)
9 creatures vanquished.

Grand Total: 121 creatures vanquished

Notes
Turn   | Place    | Note
-------+----------+-------------------------------------------
     0 | D:1      | buhh the Octopode Transmuter began the quest for the Orb.
     0 | D:1      | Reached XP level 1. HP: 13/13 MP: 3/3
   262 | D:1      | Reached XP level 2. HP: 10/19 MP: 5/5
   581 | D:1      | Found a faded altar of an unknown god.
   818 | D:1      | Reached XP level 3. HP: 22/25 MP: 6/6
  1662 | D:3      | Reached XP level 4. HP: 32/32 MP: 7/7
  2041 | D:3      | Noticed a black bear
  2510 | D:3      | Noticed Sigmund
  2617 | D:4      | Noticed a necrophage
  2636 | D:4      | Killed a necrophage
  2637 | D:4      | Reached skill level 3 in Transmutations
  2637 | D:4      | Reached XP level 5. HP: 20/38 MP: 8/8
  2982 | D:4      | Found a shimmering blue altar of Sif Muna.
  3029 | D:4      | Reached XP level 6. HP: 21/45 MP: 9/9
  3703 | D:4      | Found a stormy altar of Qazlal.
  3765 | D:4      | Reached skill level 4 in Transmutations
  4028 | D:4      | Learned a level 2 spell: Wereblood
  4032 | D:4      | Learned a level 3 spell: Spider Form
  4194 | D:4      | Reached skill level 5 in Transmutations
  4686 | D:5      | Entered Level 5 of the Dungeon
  4700 | D:5      | Reached XP level 7. HP: 44/50 MP: 3/10
  4893 | D:5      | Reached skill level 6 in Transmutations
  5881 | D:5      | Reached skill level 7 in Transmutations
  6102 | D:5      | Found a hazy altar of Hepliaklqana.
  6103 | D:5      | Found a shadowy altar of Dithmenos.
  6103 | D:5      | Noticed a shadow
  6305 | D:6      | Identified the +10 battleaxe of the Eternal Warrior
                  | {vorpal, Contam Str+2 Int+2 Dex+2}
  6352 | D:6      | Reached XP level 8. HP: 55/55 MP: 7/11
  6428 | D:6      | Found a glowing drain.
  6441 | Sewer    | Entered a sewer
  6768 | Sewer    | Found a burning altar of Makhleb.
  6804 | Sewer    | Reached skill level 8 in Transmutations
  6837 | Sewer    | Gained mutation: You possess an exceptional clarity of
                  | mind. [potion of mutation]
  6837 | Sewer    | Gained mutation: Your mind is acute. (Int +4, Str/Dex -1)
                  | [potion of mutation]
  6837 | Sewer    | Gained mutation: One of your tentacles bears a spike.
                  | [potion of mutation]
  6846 | Sewer    | Slain by a shadow imp

Illustrated notes

Levels and vault maps discovered:
D:1:      erik_arrival_triangle_small, layout_loops_ring,
          shapermc_ecumenical_altar_flowoftime, minmay_tetromino_i2
D:2:      layout_rooms, minmay_cupped
D:3:      layout_basic, minmay_misc_feat_diagonals, uniq_sigmund
D:4:      layout_cave_pods, nicolae_sif_muna_condensation, grunt_qazlal_clouds
D:5:      layout_loops_corners, riverfiend_overflow_shadow_ancestor
D:6:      layout_basic, minmay_temple_entry_large_hall,
          lightli_sewer_entry_pipes
Sewer:    kennysheep_sewer_church

Skill      XL: |  1  2  3  4  5  6  7  8 |
---------------+-------------------------+-----
Stealth        | 1 |  1.0
Fighting       | 2 3 4 5 |  5.0
Transmutations | 3 5 7 8 |  8.0
Dodging        | |  2.0
Unarmed Combat | |  3.8
Spellcasting   | |  2.0

Action                   |  1- 3 |  4- 6 |  7- 9 || total
-------------------------+-------+-------+-------++-------
Melee: Unarmed           |    92 |   126 |   143 ||   361
       Constrict         |    25 |    25 |     4 ||    54
       Tentacles         |    32 |    23 |     8 ||    63
       Kick              |    16 |    33 |       ||    49
       Punch             |     2 |     4 |     2 ||     8
 Fire: Sling             |     1 |       |       ||     1
Throw: Dart              |       |     2 |       ||     2
 Cast: Beastly Appendage |    20 |    22 |       ||    42
       Spider Form       |       |     5 |    17 ||    22
Evoke: Wand              |       |       |     2 ||     2
  Use: Scroll            |     5 |     1 |     5 ||    11
       Potion            |       |     4 |     7 ||    11
 Stab: Sleeping          |     2 |     3 |     1 ||     6
Armor: Skin              |     7 |    14 |    13 ||    34
Dodge: Dodged            |    39 |    86 |    96 ||   221

Table legend: (Time is in decaauts)
 A = Elapsed time spent in this place.
 B = Non-inter-level travel time spent in this place.
 C = Inter-level travel time spent in this place.
 D = Time resting spent in this place.
 E = Time spent auto-exploring this place.
 F = Levels seen in this place.
 G = Mean time per level.
                   A        B        C        D        E       F      G
               +--------+--------+--------+--------+--------+-----+--------+
         Total |   6844 |   6721 |    123 |   1158 |   4350 |   7 |  977.7 |
       Dungeon |   6440 |   6317 |    123 |   1019 |   4222 |   6 | 1073.3 |
         Sewer |    404 |    404 |      0 |    139 |    128 |   1 |  404.0 |
               +--------+--------+--------+--------+--------+-----+--------+

Top non-repeatable levels by time:
     D:4: 2065 daAuts
     D:5: 1521 daAuts
     D:1: 1126 daAuts
     D:3: 911 daAuts
     D:2: 568 daAuts
   Sewer: 404 daAuts
     D:6: 246 daAuts
